 Dungeon Crawl Stone Soup version 0.31-a0-833-gc15d34cb79 (webtiles) character file.

Game seed: 9013929558894444028

221 lunkers the Digger (level 6, -2/45 HPs)
             Began as a Meteoran Earth Elementalist on Sept 25, 2023.
             Slain by a gnoll
             ... wielding a +0 club
              (5 damage)
             ... on level 4 of the Dungeon.
             The game lasted 00:02:22 (1690 turns).

lunkers the Digger (Meteoran Earth Elementalist)    Turns: 1690, Time: 00:02:23

Health: -2/45      AC:  2    Str: 10    XL:     6   Next: 43%
Magic:  7/14       EV: 12    Int: 19    God:
Gold:   209        SH:  0    Dex: 14    Spells: 8/14 levels left

rFire   . . .        (no weapon)
rCold   . . .        (no shield)
rNeg    . . .        a - +0 robe
rPois   .            (no helmet)
rElec   .            (no cloak)
rCorr   .            (no gloves)
SInv    .            (no boots)
Will    .....        (no amulet)
Stlth   +            (no ring)
HPRegen 0.27/turn    (no ring)
MPRegen 0.14/turn

%: no passive effects
@: glowing
A: sense surroundings 1, otherworldly, glowing, explore regen
a: no special abilities


You were on level 4 of the Dungeon.
You visited 1 branch of the dungeon, and saw 4 of its levels.

You collected 209 gold pieces.

Inventory:

Hand Weapons
 k - a +3 sling of draining
Armour
 a - a +0 robe (worn)
Wands
 o - a wand of roots (13)
 r - a wand of paralysis (7)
Scrolls
 d - 2 scrolls of noise {unknown}
 f - a scroll of amnesia {unknown}
 i - 2 scrolls of identify {unknown}
 j - 3 scrolls of enchant armour {unknown}
 l - a scroll of immolation {unknown}
 m - a scroll of blinking {unknown}
 p - 3 scrolls of silence
 q - a scroll of teleportation {unknown}
Potions
 b - 2 potions of magic
 c - 3 potions of curing {unknown}
 e - 2 potions of lignification {unknown}
 g - 2 potions of brilliance {unknown}
 h - a potion of enlightenment {unknown}
 n - a potion of heal wounds {unknown}


   Skills:
 - Level 2.1 Dodging
 - Level 1.4 Stealth
 + Level 4.7 Spellcasting
 - Level 1.2 Transmutations
 * Level 6.7 Earth Magic


You had 8 spell levels left.
You knew the following spells:

 Your Spells              Type           Power      Damage    Failure   Level
a - Sandblast             Erth           60%        2d14      1%          1
b - Passwall              Tmut/Erth      15%        N/A       3%          2
c - Stone Arrow           Conj/Erth      34%        3d9       10%         3

Your spell library contained the following spells:

 Spells                   Type           Power      Damage    Failure   Level
 Petrify                  Tmut/Erth      19%        N/A       26%         4
 Brom's Barrelling Bould  Conj/Erth      17%        2d4       32%         4


Dungeon Overview and Level Annotations

Branches:
Dungeon (4/15) Zot: 661
 Temple: D:4-7

Altars:
Xom


Innate Abilities, Weirdness & Mutations

You passively map a small area around you.
You are easily found by Zot.
You glow in the dark.
You regain HP and MP as you explore.


Message History

The gnoll barely misses you.
The kobold hits you with a +0 short sword.
* * * LOW HITPOINT WARNING * * *
Aiming: Sandblast (safe; 1% risk of failure)
Press: ? - help, Q - select action, (/) - cycle Shift-Dir - straight line, f/p - hound
Aim: a hound (lightly wounded, 76% to hit)
The blast of sand hits the hound!
You kill the hound!
The kobold hits you with a +0 short sword.
* * * LOW HITPOINT WARNING * * *
The gnoll barely misses you. The gnoll hits you with a +0 club.
* * * LOW HITPOINT WARNING * * *
Aiming: Sandblast (safe; 1% risk of failure)
Press: ? - help, Q - select action, (/) - cycle Shift-Dir - straight line, f - gnoll
Aim: a gnoll, wielding a +0 club (85% to hit)
The blast of sand hits the gnoll.
The gnoll is heavily wounded.
The kobold hits you with a +0 short sword.
* * * LOW HITPOINT WARNING * * *
The gnoll hits you from afar with a +0 halberd.
* * * LOW HITPOINT WARNING * * *
The gnoll hits you with a +0 club.
* * * LOW HITPOINT WARNING * * *
The kobold hits you with a +0 short sword.
* * * LOW HITPOINT WARNING * * *
The gnoll closely misses you. x2
Aiming: Sandblast (safe; 1% risk of failure)
Press: ? - help, Q - select action, (/) - cycle Shift-Dir - straight line, f - gnoll, p - gnoll
Aim: a gnoll, wielding a +0 halberd (85% to hit)
The blast of sand hits the kobold!
You kill the kobold!
The gnoll misses you. The gnoll barely misses you.
Unknown command.
Aiming: Sandblast (safe; 1% risk of failure)
Press: ? - help, Q - select action, (/) - cycle Shift-Dir - straight line, f/p - gnoll
Aim: a gnoll, wielding a +0 halberd (86% to hit)
The blast of sand hits the gnoll!
You kill the gnoll!
The gnoll hits you with a +0 club.
You die...

#..#..............#
###..#............##
####..#........... #.
##.##.......... *#.. ,>
#.......##.... ,,#...
##............. .#...#
,##...)..........
#.....###...##.....)....
......†@................
* ,
..?♣.))g.....[..........
,
......).................
#.....###.##............
* +#...#
##.............. #...*
,,#.............. #..
#.............# , *
*#..,.####.#..#.........
, ......#............


You could see a gnoll.

Vanquished Creatures
  A hound (D:4)
  An orc priest (D:4)
  An orc wizard (D:4)
  2 gnolls (D:4)
  4 adders
  2 worms
  3 dart slugs
  7 orcs
  3 bats
  5 endoplasms
  5 giant cockroaches
  6 hobgoblins
  3 jackals (D:1)
  8 kobolds
  3 quokkas
  A ball python (D:4)
  3 frilled lizards
  9 goblins
  5 rats
72 creatures vanquished.

Notes
Turn   | Place    | Note
-------+----------+-------------------------------------------
     0 | D:1      | lunkers the Meteoran Earth Elementalist began the quest for
                  | the Orb.
     0 | D:1      | Reached XP level 1. HP: 14/14 MP: 5/5
    66 | D:1      | Reached XP level 2. HP: 20/20 MP: 3/6
   122 | D:1      | Reached skill level 4 in Earth Magic
   246 | D:1      | Reached XP level 3. HP: 20/26 MP: 6/8
   722 | D:2      | Reached XP level 4. HP: 33/33 MP: 6/10
   931 | D:3      | Reached skill level 5 in Earth Magic
  1087 | D:3      | Found a shimmering altar of Xom.
  1087 | D:3      | Found a shimmering altar of Xom.
  1091 | D:3      | Learned a level 2 spell: Passwall
  1095 | D:3      | Learned a level 3 spell: Stone Arrow
  1095 | D:3      | Found a shimmering altar of Xom.
  1097 | D:3      | Found a shimmering altar of Xom.
  1122 | D:3      | Found a shimmering altar of Xom.
  1122 | D:3      | Found a shimmering altar of Xom.
  1325 | D:4      | Reached XP level 5. HP: 31/38 MP: 6/12
  1361 | D:4      | Reached skill level 6 in Earth Magic
  1443 | D:4      | Reached XP level 6. HP: 45/45 MP: 9/13
  1688 | D:4      | HP: 2/45 [kobold/+0 short sword (4)]
  1690 | D:4      | Slain by a gnoll

Illustrated notes

Levels and vault maps discovered:
D:1:      scummos_arrival_forest, layout_rooms, dk_noncrumbling_4
D:2:      layout_basic
D:3:      layout_loops_ring, xom_redecorated
D:4:      layout_cave_pools, grunt_ministairs_6

Skill      XL: |  1  2  3  4  5 |
---------------+----------------+-----
Spellcasting   | 3 4 |  4.7
Earth Magic    | 4 5 6 |  6.7
Dodging        | |  2.1
Stealth        | |  1.4
Transmutations | |  1.2

Action                     |  1- 3 |  4- 6 || total
---------------------------+-------+-------++-------
  Melee: Unarmed           |     5 |       ||     5
   Cast: Sandblast         |    37 |    59 ||    96
    Use: Scroll            |       |     2 ||     2
 Armour: Robe              |     9 |    23 ||    32
  Dodge: Dodged            |    15 |    18 ||    33

Table legend: (Time is in decaauts)
 A = Elapsed time spent in this place.
 B = Non-inter-level travel time spent in this place.
 C = Inter-level travel time spent in this place.
 D = Time resting spent in this place.
 E = Time spent auto-exploring this place.
 F = Levels seen in this place.
 G = Mean time per level.
                   A        B        C        D        E       F      G
               +--------+--------+--------+--------+--------+-----+--------+
         Total |   1737 |   1683 |     54 |      0 |   1338 |   4 |  434.2 |
       Dungeon |   1737 |   1683 |     54 |      0 |   1338 |   4 |  434.2 |
               +--------+--------+--------+--------+--------+-----+--------+

Top non-repeatable levels by time:
     D:1: 496 daAuts
     D:4: 441 daAuts
     D:3: 410 daAuts
     D:2: 389 daAuts
